 Dungeon Crawl Stone Soup version 0.30-a0-591-g3c58d2bc28 (webtiles) character file.

Game seed: 12771285833061320263

7806 Leeroy the Transmogrifier (level 11, -9/86 HPs)
             Began as a Merfolk Transmuter on Jan 5, 2023.
             Was a Follower of Wu Jian.
             Mangled by a komodo dragon (29 damage)
             ... on level 11 of the Dungeon.
             The game lasted 00:37:56 (14112 turns).

Leeroy the Transmogrifier (Merfolk Transmuter)     Turns: 14112, Time: 00:37:56

Health: -9/86      AC:  7    Str: 10    XL:     11   Next: 21%
Magic:  6/17       EV: 17    Int: 16    God:    Wu Jian [*.....]
Gold:   510        SH:  0    Dex: 16    Spells: 5/18 levels left

rFire   . . .      SeeInvis .      - Unarmed
rCold   . . .      Faith    .    (shield currently unavailable)
rNeg    . . .      Spirit   .    X - +0 troll leather armour
rPois   .          Reflect  .    P - +0 helmet
rElec   .          Harm     .    m - +0 cloak
rCorr   .          Rampage  .    (gloves currently unavailable)
Will    .....                    B - +0 pair of boots
Stlth   +                        (no amulet)
HPRegen 1.14/turn                (no ring)
MPRegen 0.15/turn                (no ring)

@: blade hands (expiring), hasted and slowed
A: (nimble swimmer 2), mertail
a: End Transformation, Renounce Religion


You were on level 11 of the Dungeon.
You worshipped Wu Jian.
Wu Jian was aware of your devotion.
You had blades for hands.
You visited 2 branches of the dungeon, and saw 13 of its levels.

You collected 666 gold pieces.
You spent 156 gold pieces at shops.

Inventory:

Hand Weapons
 l - a +1 dagger of holy wrath
 r - a +2 short sword of freezing
 v - a +1 vampiric whip
 y - a +3 trident of venom
 G - a +2 dagger of speed
 H - a +0 whip of holy wrath
 I - a +1 dagger of electrocution
 J - the +6 whip of Wuoran {drain, rC+}
   (You took it off a gnoll bouda on level 7 of the Dungeon)

   rC:        It protects you from cold.
 M - a +4 dagger
 O - a +0 spear
Missiles
 j - 4 throwing nets
 u - 25 poisoned darts (quivered)
 A - 5 javelins
 U - 2 curare-tipped darts
Armour
 a - a +0 robe
 m - a +0 cloak (worn)
 B - a +0 pair of boots (worn)
 D - a +0 pair of boots
 K - a +0 ring mail of cold resistance
 P - a +0 helmet (worn)
 R - a +0 chain mail
 V - +0 pearl dragon scales
 X - a +0 troll leather armour (worn)
Magical Staves
 C - a staff of poison
 T - a staff of earth
Wands
 s - a wand of flame (30)
 t - a wand of iceblast (17)
 F - a wand of polymorph (15)
Scrolls
 c - 3 scrolls of poison
 e - a scroll of magic mapping
 i - 7 scrolls of teleportation
 n - 3 scrolls of noise
 p - 2 scrolls of immolation
 w - 5 scrolls of amnesia
 L - a scroll of summoning
 N - a scroll of silence
 Q - a scroll of enchant weapon
 W - a scroll of torment
Potions
 b - 3 potions of lignification
 f - a potion of resistance {unknown}
 g - 2 potions of heal wounds
 h - a potion of might {unknown}
 k - 7 potions of curing
 o - 2 potions of berserk rage
 x - 2 potions of ambrosia
 z - 2 potions of attraction {unknown}
 E - a potion of brilliance {unknown}
 Y - a potion of degeneration
Miscellaneous
 S - a phial of floods


   Skills:
 + Level 8.2 Fighting
 - Level 11.1 Dodging
 - Level 10.0 Unarmed Combat
 - Level 4.2 Spellcasting
 - Level 11.5 Transmutations


You had 5 spell levels left.
You knew the following spells:

 Your Spells              Type           Power      Damage    Failure   Level
a - Beastly Appendage     Tmut           80%        N/A       9%          1
b - Spider Form           Tmut/Pois      21%        N/A       36%         3
c - Ice Form              Ice/Tmut       21%        N/A       63%         4
d - Blade Hands           Tmut           20%        N/A       34%         5

Your spell library contained the following spells:

 Spells                   Type           Power      Damage    Failure   Level
 Wereblood                Tmut           40%        N/A       10%         2
 Foxfire                  Conj/Fire      12%        2x1d4     65%         1
 Summon Small Mammal      Summ           12%        N/A       65%         1
 Cigotuvi's Dreadful Rot  Necr/Pois/Air  6%         N/A       77%         2
 Poisonous Vapours        Pois/Air       6%         N/A       77%         2
 Call Canine Familiar     Summ           3%         N/A       90%         3
 Mephitic Cloud           Conj/Pois/Air  3%         N/A       90%         3
 Portal Projectile        Hex/Tloc       6%         N/A       90%         3
 Summon Guardian Golem    Hex/Summ       3%         N/A       90%         3
 Tukima's Dance           Hex            3%         N/A       90%         3
 Fireball                 Conj/Fire      1%         3d3       100%        5
 Starburst                Conj/Fire      1%         6d3       100%        6


Dungeon Overview and Level Annotations

Branches:
Dungeon (12/15)            Temple (1/1) D:6
   Lair: D:8-11         Orc: D:9-12

Altars:
Ashenzari
Cheibriados
Dithmenos
Elyvilon
Fedhas
Gozag
Hepliaklqana
Kikubaaqudgha
Makhleb
Nemelex Xobeh
Okawaru
Qazlal
Ru
Sif Muna
Trog
Uskayaw
Vehumet
Wu Jian
Xom
Yredelemnul
Zin
The Shining One

Shops:
D:2 (   D:3 [   D:6 *

Annotations:
D:3 3 runed translucent doors, mrw0lf's ghost, amateur GnHs
D:4 Edmund
D:6 Menkaure; Pikel
D:7 2 transporters, Grum; Notanamesir's ghost, novice TrGl


Innate Abilities, Weirdness & Mutations

You have blades for hands.
Your spellcasting is less reliable in this form.
You are incapable of wielding weapons or throwing items.
((You are very nimble when in or above water. (Stealth+, EV+, Speed+++)))
Your lower body shifts to a powerful aquatic tail in water.


Message History

You slice the troll!!
The troll is severely wounded.
The troll misses you. The troll completely misses you. x2
The orc wizard mumbles some strange words.
The orc wizard flickers and vanishes!
Deactivating autopickup; reactivate with Ctrl-A.
You slash the troll!
The troll is almost dead.
The troll bites you but does no damage. The troll closely misses you.
The troll claws you! The troll bites you. The troll claws you!
The troll claws you.
You slice the troll!!
You kill the troll!
The Council accepts your kill.
The troll leather armour is intact enough to wear.
You slice the komodo dragon!!
The komodo dragon is heavily wounded.
The komodo dragon bites you!
* * * LOW HITPOINT WARNING * * *
You feel much better.
Your hands revert to their normal proportions.
The komodo dragon misses you. The komodo dragon barely misses you.
Okay, then.
You feel yourself speed up. The komodo dragon bites you!
Casting: Blade Hands (dangerous; 5% risk of failure)
Confirm with . or Enter, or press ? or * to list all spells.
Your hands turn into razor-sharp scythe blades.
The komodo dragon bites you.
You slice the komodo dragon!! You slash the komodo dragon.
The komodo dragon is almost dead.
The komodo dragon completely misses you.
You hit the komodo dragon but do no damage.
The komodo dragon is almost dead.
The komodo dragon bites you!!
* * * LOW HITPOINT WARNING * * *
Your magical contamination has completely faded away.
You hit the komodo dragon.
The komodo dragon is almost dead.
The komodo dragon bites you!!
You die...

####### #.....+
#.....# .
#?....# #.
#...(.+ #..
#.....## #...
#...$..# #....
#.@.# #..
#...).#l###.....
#.....oooFo.T...
#.........o....P
#............P..
#..............P
#..########.P.P.
#..


P.P.P #. PPP. You could see a komodo dragon, an orc priest and an orc.

Vanquished Creatures
  A two-headed ogre (D:10)
  A deep elf pyromancer (D:10)
  An unseen horror (D:10)
  A kobold demonologist (D:9)
  2 trolls
  3 shadows
  3 wyverns
  6 yaks (D:10)
  A wraith (D:11)
  Duvessa (D:7)
  A sky beast (D:8)
  An ice beast (D:7)
  3 orc warriors
  An ogre (D:5)
  2 centaurs
  3 lemures
  A phantom (D:5)
  3 bullfrogs
  3 kobold brigands
  A necrophage (D:7)
  A gnoll sergeant (D:12)
  2 scorpions
  9 wights
  Dowan (D:7)
  11 killer bees
  8 electric eels (D:10)
  A howler monkey (D:9)
  2 jellies
  2 gnoll boudas (D:7)
  An orc priest (D:5)
  6 hounds
  2 iguanas (D:5)
  Ijyb (D:3)
  13 orc wizards
  14 gnolls
  13 adders
  A river rat (D:5)
  A shadow imp (D:7)
  A white imp (D:8)
  2 ufetubi
  7 worms
  3 dart slugs
  27 orcs
  2 ball pythons
  9 bats
  4 endoplasms
  7 giant cockroaches
  3 goblins
  3 hobgoblins
  18 kobolds
  3 quokkas
  A frilled lizard (D:1)
  5 rats
223 creatures vanquished.

Vanquished Creatures (others)
  14 fungi (D:11)
  28 plants
42 creatures vanquished.

Grand Total: 265 creatures vanquished

Notes
Turn   | Place    | Note
-------+----------+-------------------------------------------
     0 | D:1      | Leeroy the Merfolk Transmuter began the quest for the Orb.
     0 | D:1      | Reached XP level 1. HP: 15/15 MP: 3/3
   126 | D:1      | Reached XP level 2. HP: 17/21 MP: 5/5
   381 | D:1      | Found a faded altar of an unknown god.
   698 | D:1      | Reached XP level 3. HP: 22/26 MP: 6/6
  1202 | D:2      | Found Hijuqin's Weapon Shoppe.
  1292 | D:2      | Reached skill level 5 in Unarmed Combat
  1440 | D:2      | Reached XP level 4. HP: 15/32 MP: 7/7
  1883 | D:3      | Noticed Ijyb
  1895 | D:3      | Killed Ijyb
  1896 | D:3      | Reached XP level 5. HP: 34/37 MP: 6/8
  1906 | D:3      | Learned a level 3 spell: Spider Form
  1911 | D:3      | Learned a level 4 spell: Ice Form
  1936 | D:3      | Found Oguckaim's Armour Shop.
  1950 | D:3      | Found a runed translucent gate.
  1951 | D:3      | Found a runed translucent gate.
  1952 | D:3      | Found a runed translucent gate.
  1955 | D:3      | Noticed mrw0lf's ghost (amateur GnHs)
  2716 | D:4      | Found a blossoming altar of Fedhas.
  2813 | D:4      | Noticed Edmund
  2823 | D:5      | Entered Level 5 of the Dungeon
  2958 | D:5      | Noticed a centaur
  2966 | D:5      | Killed a centaur
  2967 | D:5      | Reached XP level 6. HP: 21/43 MP: 5/9
  3318 | D:5      | Reached XP level 7. HP: 36/48 MP: 8/10
  3749 | D:5      | Found a hide-covered altar of Uskayaw.
  4135 | D:5      | Reached skill level 10 in Unarmed Combat
  4334 | D:6      | Found Zufiso's General Store.
  4341 | D:6      | Reached XP level 8. HP: 33/54 MP: 1/11
  4426 | D:6      | Bought a potion of haste for 120 gold pieces
  4426 | D:6      | Bought a potion of curing for 36 gold pieces
  4482 | D:6      | Noticed Pikel
  4495 | D:6      | Noticed Menkaure
  4633 | D:6      | Found a shadowy altar of Dithmenos.
  4788 | D:6      | Found a staircase to the Ecumenical Temple.
  4794 | Temple   | Entered the Ecumenical Temple
  5230 | D:7      | Reached skill level 5 in Transmutations
  5444 | D:7      | Found an opulent altar of Gozag.
  6962 | D:7      | Noticed Duvessa
  6967 | D:7      | Noticed Dowan
  6981 | D:7      | Killed Dowan
  6985 | D:7      | Killed Duvessa
  6986 | D:7      | Reached XP level 9. HP: 15/59 MP: 10/12
  7034 | D:7      | Identified the +6 whip of Wuoran {drain, rC+}
  7162 | D:7      | Identified the +6 trident "Faipouh" {chaos, *Corrode rN+
                  | Dex+5 SInv}
  7162 | D:7      | Identified the +1 scale mail of Eternal Night {rC+}
  7234 | D:7      | Reached skill level 10 in Transmutations
  7395 | D:7      | Found a transporter.
  7450 | D:7      | Found a transporter.
  7456 | D:7      | Noticed Grum
  7459 | D:7      | Noticed Notanamesir's ghost (novice TrGl)
  7731 | D:7      | Identified the ring of Joofueti {Fly rC+ rCorr Str-4 Int+5}
  8942 | D:6      | Learned a level 5 spell: Blade Hands
  9813 | D:8      | Noticed a two-headed ogre
  9906 | D:9      | Noticed a troll
  9940 | D:10     | Entered Level 10 of the Dungeon
 10181 | D:10     | Noticed a two-headed ogre
 10252 | D:10     | Killed a two-headed ogre
 10253 | D:10     | Reached XP level 10. HP: 49/68 MP: 16/16
 10587 | D:9      | Noticed a kobold demonologist
 10598 | D:9      | Noticed a sun demon
 10601 | D:9      | Killed a kobold demonologist
 11045 | D:9      | Reached skill level 10 in Dodging
 11699 | D:10     | Noticed a deep elf pyromancer
 11854 | D:9      | Noticed a two-headed ogre
 12078 | D:9      | Found an iron altar of Okawaru.
 12083 | D:9      | Found an ornate altar of the Wu Jian Council.
 12086 | D:9      | Became a worshipper of the Wu Jian Council
 12857 | D:8      | Found a sacrificial altar of Ru.
 13331 | D:10     | Reached skill level 5 in Fighting
 13516 | D:10     | Killed an unseen horror
 13517 | D:10     | Reached XP level 11. HP: 35/83 MP: 11/17
 13637 | D:10     | Killed a deep elf pyromancer
 14012 | D:11     | Noticed a skeletal warrior
 14042 | D:12     | Reached * piety under Wu Jian
 14112 | D:11     | Mangled by a komodo dragon

Illustrated notes

Levels and vault maps discovered:
D:1:      co_arrival_random_square_maze, layout_basic,
          chequers_ecumenical_altar_grove
D:2:      layout_basic, serial_shops, nicolae_shop_bloodbath_and_beyond
D:3:      layout_rooms, serial_shops, nicolae_diamond_shop,
          ebering_ghost_rock_garden, nicolae_grassy_gnolls, uniq_ijyb
D:4:      layout_cave_pools, mainiacjoe_overflow_alcove_4, uniq_edmund
D:5:      minmay_razor_zed, layout_rooms, mainiacjoe_overflow_surrounded_room,
          lightli_sewer_entry_pipes
D:6:      layout_basic, mainiacjoe_overflow_24_doors, minmay_temple_entry_hall,
          serial_shops, shop, uniq_pikel, uniq_menkaure
D:7:      layout_rooms, old_standard_altar, gammafunk_ghost_gnarly_gnolls,
          minmay_misc_feat_x, uniq_duvessa
D:8:      layout_basic, nicolae_ru_path_of_blood
D:9:      kennysheep_blocky_hall, layout_long_grid, minitemple
D:10:     layout_basic, st_stairs_5, chequers_serial_rivers_room_b,
          amcnicky_mini_pool_small, chequers_serial_rivers_room_b
D:11:     layout_irregular_city, due_lair_maze_entry_diamond, orc_0_dummy,
          uniq_erica
D:12:     layout_layer_cave, uniq_maurice, uniq_nergalle
Temple:   regret_index_temple_waves

Skill      XL: |  1  2  3  4  5  6  7  8  9 10 11 |
---------------+----------------------------------+-----
Unarmed Combat | 4 5 6 7 8 10 | 10.0
Transmutations | 3 9 11 | 11.5
Fighting       | 2 6 8 |  8.2
Spellcasting   | 4 |  4.2
Dodging        | 6 11 | 11.1

Action                   |  1- 3 |  4- 6 |  7- 9 | 10-12 || total
-------------------------+-------+-------+-------+-------++-------
Melee: Unarmed           |   149 |   132 |   327 |   149 ||   757
       Punch             |     5 |     4 |     5 |     7 ||    21
       Headbutt          |       |     2 |     1 |       ||     3
       Tailslap          |       |       |     3 |     2 ||     5
Throw: Dart              |       |       |     9 |     3 ||    12
 Cast: Beastly Appendage |       |     3 |     1 |       ||     4
       Spider Form       |       |     5 |    35 |       ||    40
       Ice Form          |       |       |     4 |     5 ||     9
       Blade Hands       |       |       |     5 |    22 ||    27
Invok: Lunge             |       |       |       |     7 ||     7
       Whirlwind         |       |       |       |     2 ||     2
  Use: Scroll            |       |     9 |     6 |     9 ||    24
       Potion            |       |     1 |     5 |     7 ||    13
 Stab: Sleeping          |     2 |       |     2 |       ||     4
Armor: Robe              |    32 |    31 |    14 |     5 ||    82
       Skin              |       |     6 |    13 |    16 ||    35
       Troll leather arm |       |       |       |     7 ||     7
Dodge: Dodged            |   104 |   100 |   242 |   154 ||   600

Table legend: (Time is in decaauts)
 A = Elapsed time spent in this place.
 B = Non-inter-level travel time spent in this place.
 C = Inter-level travel time spent in this place.
 D = Time resting spent in this place.
 E = Time spent auto-exploring this place.
 F = Levels seen in this place.
 G = Mean time per level.
                   A        B        C        D        E       F      G
               +--------+--------+--------+--------+--------+-----+--------+
         Total |  13852 |  12658 |   1194 |   3117 |   6489 |  13 | 1065.5 |
       Dungeon |  13699 |  12581 |   1118 |   3117 |   6428 |  12 | 1141.6 |
        Temple |    152 |     77 |     75 |      0 |     61 |   1 |  152.0 |
               +--------+--------+--------+--------+--------+-----+--------+

Top non-repeatable levels by time:
     D:7: 2590 daAuts
     D:5: 2246 daAuts
    D:10: 1644 daAuts
     D:9: 1485 daAuts
     D:8: 1366 daAuts
     D:6: 1345 daAuts
     D:1: 1024 daAuts
     D:2: 952 daAuts
     D:3: 718 daAuts
  Temple: 152 daAuts
    D:11: 147 daAuts
     D:4: 107 daAuts
    D:12: 70 daAuts
